Map: Triton LE

Players

ForJumy - Winner!

  • Race: Zerg Zerg
  • League: Master
  • Spawn Location: 11:00

Mez

  • Race: Terran Terran
  • League: Master
  • Spawn Location: 5:00

VOD

Have the link to the VOD?

Description

Time

  • Played on: Aug. 21, 2019, 8:42 p.m.
  • Length: 12:08
Show
View Real Time Build Order
Export as new Build Order

ForJumy Zerg - Winner!

Build Orders: Hatch First, Swarm Host 

Get SALT Encoding   

  12  0:01  Drone  
  13  0:13  Overlord  
  13  0:19  Drone  
  14  0:35  Drone  
  14  0:36  Drone x2  
  17  0:55  Hatchery  
  17  0:57  Drone  
  17  1:01  Drone, Extractor  
  17  1:15  Spawning Pool  
  16  1:18  Drone  
  17  1:27  Drone  
  18  1:38  Drone  
  19  1:46  Drone  
  20  1:52  Overlord  
  20  2:01  Metabolic Boost  
  20  2:03  Queen  
  24  2:12  Spine Crawler  
  24  2:14  Spine Crawler  
  20  2:17  Zergling x4  
  20  2:21  Zergling x2  
  23  2:28  Zergling x4  
  21  2:51  Drone x2  
  21  2:55  Extractor  
  22  3:00  Zergling x6  
  22  3:01  Zergling x2  
  23  3:07  Drone  
  26  3:22  Lair  
  24  3:32  Drone x2  
  24  3:34  Overlord  
  26  3:45  Drone x2  
  28  3:58  Overlord  
  28  4:15  Overlord x2  
  28  4:22  Infestation Pit  
  23  4:26  Zergling x2  
  23  4:27  Nydus Network  
  23  4:29  Drone  
  24  4:48  Overlord  
  24  4:49  Queen  
  27  4:52  Drone  
  27  4:59  Swarm Host  
  29  5:09  Spine Crawler  
  29  5:11  Swarm Host  
  31  5:19  Zergling x4  
  33  5:24  Zergling x2  
  33  5:36  Zergling x4  
  33  5:40  Zergling x2  
  25  5:47  Drone  
  25  5:48  Drone  
  22  5:59  Nydus Canal  
  22  6:00  Drone  
  23  6:09  Swarm Host  
  25  6:21  Drone  
  25  6:23  Swarm Host  
  25  6:33  Swarm Host  
  25  6:37  Nydus Canal  
  28  6:43  Swarm Host  
  31  6:56  Queen  
  33  7:06  Nydus Canal  
  33  7:14  Swarm Host, Drone  
  37  7:21  Zergling x2  
  38  7:30  Swarm Host  
  41  7:37  Nydus Canal  
  41  7:48  Queen  
  43  7:56  Drone  
  44  7:59  Nydus Canal  
  43  8:05  Swarm Host  
  46  8:13  Nydus Canal  
  46  8:18  Swarm Host  
  46  8:27  Swarm Host  
  46  8:31  Drone  
  48  8:48  Zergling x4  
  48  8:51  Queen  
  51  9:02  Nydus Canal  
  51  9:06  Drone x3  
  54  9:33  Queen  
  54  9:39  Overlord  
  54  9:40  Overlord x2  
  54  9:47  Nydus Canal  
  54  10:02  Swarm Host  
  54  10:03  Swarm Host  
  60  10:23  Overseer  
  60  10:36  Hatchery  
  59  10:44  Swarm Host  
  59  10:45  Overlord  
  59  10:56  Swarm Host  
  62  11:01  Nydus Canal  
  62  11:18  Swarm Host x2  
  69  11:44  Nydus Canal  
  69  11:52  Drone x3  
  72  11:58  Nydus Canal  
Show
View Real Time Build Order
Export as new Build Order

Mez Terran 

Build Orders:  

Get SALT Encoding   

  12  0:01  SCV  
  13  0:13  SCV  
  14  0:19  Supply Depot  
  14  0:25  SCV  
  15  0:40  SCV  
  16  0:47  Barracks  
  16  0:57  Barracks  
  16  1:08  Barracks  
  16  1:34  Marine, Orbital Command  
  17  1:44  Supply Depot  
  17  1:48  Marine, Bunker  
  17  1:52  Marine  
  19  1:59  Marine  
  20  2:06  Marine, SCV  
  22  2:10  Bunker  
  22  2:12  Marine  
  23  2:23  Marine x2  
  23  2:27  SCV  
  25  2:48  Marine x3  
  26  2:55  SCV  
  27  2:59  Supply Depot  
  24  3:06  Marine x3  
  24  3:08  SCV  
  24  3:11  Refinery  
  24  3:12  Refinery  
  28  3:20  SCV  
  28  3:24  Marine  
  30  3:28  Supply Depot  
  30  3:32  SCV  
  31  3:40  Supply Depot  
  31  3:41  Supply Depot  
  31  3:45  Marine x3  
  33  4:06  SCV  
  34  4:10  Marine, Factory  
  34  4:11  Marine x2  
  37  4:18  SCV  
  38  4:30  SCV  
  39  4:33  Reaper x3  
  42  4:42  SCV  
  43  4:55  Factory Reactor  
  43  5:01  Command Center  
  43  5:11  SCV  
  38  5:23  SCV  
  38  5:35  Marine x3  
  32  5:50  Hellion  
  32  5:51  SCV, Hellion  
  34  5:57  Starport  
  34  6:03  SCV  
  33  6:16  SCV, Hellion x2  
  35  6:31  Liberator  
  34  6:37  Hellion x2  
  38  6:41  SCV  
  38  6:42  Orbital Command, Armory  
  42  6:57  SCV  
  42  6:59  Hellion  
  46  7:08  Hellion  
  46  7:09  SCV x2  
  46  7:20  Hellion  
  46  7:21  SCV x2  
  49  7:30  Hellion  
  49  7:33  SCV x2  
  51  7:40  Marine x2  
  51  7:43  Viking  
  55  7:45  SCV  
  55  7:50  SCV  
  55  7:57  SCV  
  55  8:01  Marine x3, Hellion x2  
  55  8:03  SCV  
  55  8:09  SCV  
  53  8:19  Marine  
  51  8:20  Marine x2  
  51  8:22  Hellion x2  
  57  8:33  Viking  
  59  8:37  Marine x2  
  59  8:38  Marine  
  62  8:42  SCV  
  62  8:54  SCV  
  62  8:55  Marine  
  62  8:56  Hellion x2  
  62  8:59  Marine x2  
  69  9:06  SCV  
  70  9:13  Marine  
  71  9:18  SCV  
  71  9:30  SCV  
  59  9:56  Hellion x2  
  59  9:57  Viking  
  59  9:58  Marine  
  62  10:15  Marine  
  62  10:16  Liberator  
  62  10:18  Hellion  
  65  10:34  Marine  
  69  10:36  SCV  
  70  10:54  Orbital Command  
  65  11:21  Command Center  
  67  11:25  Hellion x2  
  62  11:37  SCV x2  
  44  11:47  Hellion  
  42  11:49  SCV  
Tags
 
Composition
Swarm Host
Matchup
TvZ
Player
ForJumy
Spawn Locations
Cross Positions
Add a new tag
Caveats
  • Supply blocks, unpowered buildings, or Contaminate may cause inaccurate times.
  • Supply counts are checked every 10 seconds.